 Dungeon Crawl Stone Soup version 0.26-a0-660-gc07710193c (webtiles) character file.

Game seed: 2143346948493471687

2164 tacoguy the Magician (level 9, -4/62 HPs)
             Began as a Grey Draconian Air Elementalist on Oct 7, 2020.
             Was an Initiate of Ru.
             Slain by GoodGuyCap's ghost (7 damage)
             ... on level 7 of the Dungeon.
             The game lasted 00:55:35 (9949 turns).

tacoguy the Magician (DrAE)                         Turns: 9949, Time: 00:55:35

Health: -4/62      AC: 15    Str: 10    XL:     9   Next: 10%
Magic:  18/18      EV: 12    Int: 19    God:    Ru [......]
Gold:   335        SH:  0    Dex: 12    Spells: 3/20 levels left

rFire    + . .     SeeInvis .   d - +3 dagger (vamp)
rCold    + . .     Faith    .   (no shield)
rNeg     . . .     Spirit   .   (armour unavailable)
rPois    +         Reflect  .   (helmet restricted)
rElec    +         Harm     .   (no cloak)
rCorr    +         Rampage  .   a - +2 pair of gloves
MR       +....     Rnd*Rage +   (no boots)
Stlth    +++.......             b - amulet of regeneration
HPRegen  0.60/turn              e - ring of stealth
MPRegen  0.16/turn              (no ring)

@: lethally poisoned (-4 -> -5), resistant
A: walk through water, unfitting armour, berserk 1, magic resistance 1,
unbreathing, cold-blooded, AC +12
a: Renounce Religion


You were on level 7 of the Dungeon.
You worshipped Ru.
Ru was noncommittal.
You visited 2 branches of the dungeon, and saw 8 of its levels.

You collected 412 gold pieces.
You spent 77 gold pieces at shops.

Inventory:

Hand Weapons
 d - a +3 vampiric dagger (weapon)
Armour
 a - a +2 pair of gloves (worn)
 g - a +0 helmet
Jewellery
 b - an amulet of regeneration (around neck)
 e - a ring of stealth (left hand)
Wands
 h - a wand of polymorph (6)
Scrolls
 c - a scroll of remove curse
 i - 6 scrolls of teleportation
 j - a scroll of enchant armour
 l - 2 scrolls of magic mapping
 m - 2 scrolls of fog
 r - a scroll of immolation
Potions
 k - 4 potions of curing
 p - a potion of might {unknown}
 s - a potion of haste
 t - a potion of cancellation {unknown}
 u - a potion of stabbing {unknown}


   Skills:
 - Level 0.1 Fighting
 - Level 0.7 Short Blades
 - Level 2.1 Dodging
 - Level 2.0 Stealth
 + Level 6.0 Spellcasting
 + Level 5.9 Conjurations
 + Level 3.9 Necromancy
 + Level 2.5 Fire Magic
 + Level 5.8 Air Magic


You had 3 spell levels left.
You knew the following spells:

 Your Spells              Type           Power        Failure   Level
a - Shock                 Conj/Air       ####         1%          1
b - Static Discharge      Conj/Air       ####....     3%          3
c - Airstrike             Air            ####......   10%         4
d - Animate Dead          Necr           ###.......   22%         4
e - Fireball              Conj/Fire      ###.......   47%         5

Your spell library contained the following spells:

 Spells                   Type           Power        Failure   Level
 Foxfire                  Conj/Fire      ###.         1%          1
 Swiftness                Air            ####....     1%          2
 Conjure Flame            Conj/Fire      ###.....     6%          3
 Inner Flame              Hex/Fire       ##......     21%         3
 Sticky Flame             Conj/Fire      ###.....     19%         4
 Lightning Bolt           Conj/Air       ####......   26%         5
 Borgnjor's Vile Clutch   Necr/Erth      ##........   80%         5
 Death Channel            Necr           ###.......   98%         6
 Simulacrum               Ice/Necr       ##........   100%        6


Dungeon Overview and Level Annotations

Branches:
Dungeon (7/15)             Temple (1/1) D:7

Altars:
Ashenzari
Cheibriados
Dithmenos
Elyvilon
Gozag
Hepliaklqana
Kikubaaqudgha
Makhleb
Nemelex Xobeh
Okawaru
Qazlal
Ru
Sif Muna
Trog
Uskayaw
Vehumet
Wu Jian
Xom
Yredelemnul
Zin
The Shining One

Shops:
D:4 !

Annotations:
D:7 GoodGuyCap's ghost, novice FoFi; droidtality's ghost, amateur DDFi; jiml777's ghost, novice GnWr; krigyl's ghost, novice TeVM


Innate Abilities, Weirdness & Mutations

You can walk through water.
Your dull iron-grey scales are very hard. (AC +12)
You cannot fit into any form of body armour.
You can survive without breathing.
You are cold-blooded and may be slowed by cold attacks.
You tend to lose your temper in combat.
You are resistant to hostile enchantments. (MR+)


Message History

You feel sick. Droidtality's ghost closely misses you.
GoodGuyCap's ghost hits you!
Casting: Shock (safe; 1% risk of failure)
Confirm with . or Enter, or press ? or * to list all spells.
Aiming: Shock (safe; 1% risk of failure)
Press: ? - help, Shift-Dir - straight line, f/p - krigyl's ghost
Aim: krigyl's ghost (heavily damaged)
The zap misses GoodGuyCap's ghost.
The zap misses krigyl's ghost.
Droidtality's ghost closely misses you. GoodGuyCap's ghost hits you!
Magic courses through your body.
Droidtality's ghost hits you but does no damage.
GoodGuyCap's ghost says, "I thought violence couldn't solve anything, but it solved me."
GoodGuyCap's ghost hits you!!
* * * LOW HITPOINT WARNING * * *
You feel protected.
Droidtality's ghost shrieks, "I was like you once."
Droidtality's ghost hits you.
* * * LOW HITPOINT WARNING * * *
GoodGuyCap's ghost hits you!
You die...

######..#
##)(8?#..#
#8....#..#
......#..###
♣.....'.>..#
⌠.....'..#.#
♣.....'W##.#
.....W#W##.#
#8....#@W..#
##)$8?######
#####


You could see GoodGuyCap's ghost, droidtality's ghost, jiml777's ghost and
krigyl's ghost.

Vanquished Creatures
  A shadow (D:7)
  A wraith (D:7)
  3 ogres
  A big kobold (D:7)
  3 bullfrogs
  A water moccasin skeleton (D:5)
  3 scorpions
  3 troll zombies (D:7)
  A wight (D:7)
  A howler monkey (D:4)
  2 quasits
  2 human zombies (D:7)
  2 jellies
  A bullfrog skeleton (D:4)
  7 hounds
  A human skeleton (D:7)
  An orc wizard (D:7)
  5 worker ants
  A hound zombie (D:4)
  2 hound skeletons (D:7)
  3 mummies (D:7)
  3 gnolls (D:6)
  9 adders
  A shadow imp (D:6)
  2 white imps
  2 oozes
  An adder skeleton (D:7)
  2 worms
  2 dart slugs (D:2)
  6 leopard geckos
  11 orcs
  6 giant cockroaches
  12 goblins
  5 hobgoblins
  4 jackals (D:2)
  4 quokkas
  4 ball pythons
  3 bats
  11 frilled lizards
  10 kobolds
  A leopard gecko skeleton (D:5)
  A leopard gecko zombie (D:6)
  An orc zombie (D:7)
  6 rats
152 creatures vanquished.

Notes
Turn   | Place    | Note
-------+----------+-------------------------------------------
     0 | D:1      | tacoguy the Draconian Air Elementalist began the quest for
                  | the Orb.
     0 | D:1      | Reached XP level 1. HP: 14/14 MP: 3/3
   374 | D:1      | Reached XP level 2. HP: 20/20 MP: 0/5
  1346 | D:2      | Reached XP level 3. HP: 22/26 MP: 0/6
  1934 | D:2      | Reached XP level 4. HP: 33/33 MP: 1/8
  2656 | D:3      | Reached skill level 3 in Spellcasting
  2940 | D:3      | Learned a level 3 spell: Static Discharge
  2945 | D:3      | Learned a level 4 spell: Airstrike
  3105 | D:3      | You fall into a shaft and drop 2 floors!
  3105 | D:5      | Entered Level 5 of the Dungeon
  3156 | D:5      | Reached XP level 5. HP: 8/38 MP: 0/9
  3291 | D:5      | Found an ornate altar of the Wu Jian Council.
  3298 | D:5      | Noticed an ogre
  3310 | D:5      | Killed an ogre
  3815 | D:5      | Reached XP level 6. HP: 38/45 MP: 0/11
  4081 | D:5      | Reached skill level 4 in Spellcasting
  4278 | D:5      | Reached skill level 5 in Air Magic
  4380 | D:5      | Found a shadowy altar of Dithmenos.
  5082 | D:4      | Your scales start taking on a dull iron-grey colour.
  5082 | D:4      | Reached XP level 7. HP: 50/50 MP: 5/13
  5082 | D:4      | Gained mutation: You can survive without breathing. [Grey
                  | Draconian growth]
  5501 | D:4      | Got a slimy long sword
  5502 | D:4      | Identified the cursed +1 long sword of the Extremes {flame,
                  | rF++} (You found it on level 4 of the Dungeon)
  5532 | D:4      | Found Gagupeub's Distillery.
  5568 | D:4      | Bought a potion of curing for 33 gold pieces
  5568 | D:4      | Bought a potion of curing for 33 gold pieces
  5568 | D:4      | Bought a potion of degeneration for 11 gold pieces
  5643 | D:4      | Found an ancient bone altar of Kikubaaqudgha.
  5884 | D:3      | Learned a level 4 spell: Animate Dead
  6072 | D:3      | Found a glowing golden altar of the Shining One.
  6663 | D:6      | Reached skill level 1 in Necromancy
  6950 | D:6      | Gained mutation: You tend to lose your temper in combat.
                  | [potion of mutation]
  6950 | D:6      | Gained mutation: You are resistant to hostile enchantments.
                  | (MR+) [potion of mutation]
  7147 | D:6      | Reached skill level 5 in Spellcasting
  7523 | D:6      | Found a burning altar of Makhleb.
  7523 | D:6      | Found an iron altar of Okawaru.
  7562 | D:7      | Reached skill level 5 in Air Magic
  7562 | D:7      | Reached XP level 8. HP: 57/57 MP: 8/15
  7627 | D:6      | Reached skill level 5 in Conjurations
  7907 | D:7      | Learned a level 5 spell: Fireball
  7981 | D:7      | Reached skill level 1 in Fire Magic
  8172 | D:7      | Found a staircase to the Ecumenical Temple.
  8189 | Temple   | Entered the Ecumenical Temple
  8362 | Temple   | Became a worshipper of Ru the Awakened
  9171 | D:7      | Reached XP level 9. HP: 29/62 MP: 4/17
  9174 | D:7      | Reached skill level 6 in Spellcasting
  9401 | D:7      | Found a basalt altar of Yredelemnul.
  9902 | D:7      | Found a runed translucent gate.
  9913 | D:7      | Found a runed translucent gate.
  9914 | D:7      | Found a runed translucent gate.
  9915 | D:7      | Noticed droidtality's ghost (amateur DDFi)
  9916 | D:7      | Noticed krigyl's ghost (novice TeVM)
  9916 | D:7      | Noticed jiml777's ghost (novice GnWr)
  9916 | D:7      | Noticed GoodGuyCap's ghost (novice FoFi)
  9949 | D:7      | HP: 3/62 [droidtality's ghost (6)]
  9949 | D:7      | Slain by GoodGuyCap's ghost

Illustrated notes

Levels and vault maps discovered:
D:1:      mrwooster_arrival_statue, layout_basic
D:2:      layout_basic
D:3:      layout_rooms, overflow_temple_1_default, minmay_misc_feat_alley,
          glass_columns_c
D:4:      layout_rooms, overflow_temple_1_default, serial_shops, shop
D:5:      layout_layer_cave, kennysheep_mini_moat, corner_web_ring,
          grunt_dithmenos_smoke
D:6:      layout_loops_ring, gammafunk_temple_overflow_statue
D:7:      layout_basic, minmay_temple_entry_wispy, gammafunk_ghost_cemetery,
          minivault_4, lemuel_mausoleum_altar_yredelemnul
Temple:   eino_temple_rhombus

Skill      XL: |  1  2  3  4  5  6  7  8  9 |
---------------+----------------------------+-----
Dodging        | 2 |  2.1
Stealth        | 2 |  2.0
Spellcasting   | 3 4 5 6 |  6.0
Air Magic      | 4 4 5 |  5.8
Conjurations   | 2 3 4 5 |  5.9
Necromancy     | 1 3 |  3.9
Fire Magic     | 2 |  2.5
Fighting       | |  0.1
Short Blades   | |  0.7

Action                   |  1- 3 |  4- 6 |  7- 9 || total
-------------------------+-------+-------+-------++-------
Melee: Unarmed           |     3 |       |       ||     3
       Tailslap          |     1 |     3 |    14 ||    18
       Dagger            |    16 |    22 |   102 ||   140
 Cast: Shock             |    65 |    96 |   127 ||   288
       Static Discharge  |       |    22 |    63 ||    85
       Airstrike         |       |       |    21 ||    21
  Use: Scroll            |     3 |     4 |     8 ||    15
       Potion            |       |     1 |    11 ||    12
Armor: Skin              |    17 |    34 |   107 ||   158
Dodge: Dodged            |    42 |    57 |   166 ||   265

Table legend: (Time is in decaauts)
 A = Elapsed time spent in this place.
 B = Non-inter-level travel time spent in this place.
 C = Inter-level travel time spent in this place.
 D = Time resting spent in this place.
 E = Time spent auto-exploring this place.
 F = Levels seen in this place.
 G = Mean time per level.
                   A        B        C        D        E       F      G
               +--------+--------+--------+--------+--------+-----+--------+
         Total |   9936 |   9355 |    581 |   4063 |   4012 |   8 | 1242.0 |
       Dungeon |   9746 |   9214 |    532 |   4063 |   3874 |   7 | 1392.3 |
        Temple |    189 |    140 |     49 |      0 |    138 |   1 |  189.0 |
               +--------+--------+--------+--------+--------+-----+--------+

Top non-repeatable levels by time:
     D:7: 2032 daAuts
     D:5: 1875 daAuts
     D:6: 1501 daAuts
     D:2: 1466 daAuts
     D:1: 1264 daAuts
     D:4: 909 daAuts
     D:3: 696 daAuts
  Temple: 189 daAuts
